AoeStats
← diossnefru1

Black Forest

510305846Analyzed
2v2 RM · 1d ago on Sep 30, 2026· 47m 39s· 4 players
Game mode
Random Map
Map size
Medium (4 player)
Population
200
Speed
Normal
Resources
Standard
Victory
Conquest
Starting age
Dark Age
Ending age
Imperial Age
RankedLock teamsTeams togetherTeam positionsShared explorationLock speedFull tech treeHidden civsTurbo modeCheats
Victory
Defeat
🇵🇰 Khmer · Pakistan
933
+14
🇲🇽 Portuguese · Mexico
889
+15
🇩🇪 Khmer · Germany
896
-15
🇩🇪 Khmer · Germany
876
-14
diossnefru1
0:27 Loom
13:53 Feudal Age
15:34 Wheelbarrow
17:44 Castle Age
16:25 Stone Mining
16:26 Gold Mining
17:02 Horse Collar
18:52 Double-Bit Axe
24:58 Fletching
30:03 Bow Saw
29:55 Heavy Plow
37:15 Imperial Age
35:04 Hand Cart
34:46 Pikeman
35:12 Arson
35:44 Scale Mail Armor
38:25 Conscription
43:58 Halberdier
titan_oranos
0:36 Loom
12:22 Feudal Age
13:23 Double-Bit Axe
15:59 Horse Collar
18:29 Stone Mining
19:07 Gold Mining
21:37 Castle Age
20:21 Scale Barding Armor
22:59 Bow Saw
22:53 Heavy Plow
24:01 Wheelbarrow
24:50 Gold Shaft Mining
27:55 Hand Cart
27:28 Town Watch
28:02 Caravan
29:48 Chain Barding Armor
30:52 Ballistics
31:12 Stone Shaft Mining
31:05 Forging
32:16 Town Patrol
32:32 Murder Holes
32:52 Fortified Wall
36:24 Imperial Age
35:28 Iron Casting
36:15 Tusk Swords
36:42 Masonry
36:28 Heavy Scorpion
38:42 Chemistry
37:50 Husbandry
38:01 Bloodlines
37:12 Elite Battle Elephant
38:56 Blast Furnace
39:02 Crop Rotation
39:19 Plate Barding Armor
39:58 Double Crossbow
40:19 Conscription
42:01 Fletching
42:41 Siege Engineers
42:27 Light Cavalry
44:30 Architecture
44:48 Hussar
PeppHepp
7:38 Loom
10:12 Feudal Age
11:42 Horse Collar
12:01 Double-Bit Axe
16:11 Wheelbarrow
19:36 Castle Age
19:14 Stone Mining
22:54 Bow Saw
26:45 Heavy Plow
32:46 Gold Mining
33:33 Stone Shaft Mining
32:57 Pikeman
33:50 Forging
33:41 Scale Mail Armor
34:01 Hand Cart
34:30 Padded Archer Armor
34:23 Fletching
35:08 Iron Casting
36:35 Gold Shaft Mining
40:19 Imperial Age
38:49 Chain Mail Armor
38:52 Leather Archer Armor
41:55 Ballistics
42:37 Chemistry
41:28 Heated Shot
41:32 Heavy Scorpion
41:39 Halberdier
43:22 Blast Furnace
42:20 Bodkin Arrow
42:30 Husbandry
42:42 Bloodlines
43:07 Double Crossbow
43:32 Conscription
45:05 Crop Rotation
45:23 Murder Holes
45:39 Fortified Wall
45:40 Masonry
44:56 Elite Skirmisher
46:02 Elite Battle Elephant
47:41 Siege Engineers
Tim
7:20 Loom
10:13 Feudal Age
10:43 Double-Bit Axe
10:40 Horse Collar
15:34 Wheelbarrow
19:11 Castle Age
17:28 Town Watch
23:05 Stone Mining
23:38 Bow Saw
25:12 Elite Skirmisher
26:07 Gold Mining
26:56 Stone Shaft Mining
26:54 Fletching
27:34 Bodkin Arrow
28:42 Heavy Plow
30:03 Murder Holes
30:29 Ballistics
30:20 Masonry
32:43 Forging
33:02 Tusk Swords
34:23 Iron Casting
34:26 Caravan
35:28 Padded Archer Armor
35:34 Scale Barding Armor
36:37 Husbandry
36:49 Bloodlines
39:44 Imperial Age
39:19 Hand Cart
39:26 Chain Barding Armor
39:12 Gold Mining
40:12 Heavy Scorpion
41:21 Elite Battle Elephant
43:59 Conscription
43:45 Double Crossbow
44:53 Gold Shaft Mining
44:07 Pikeman
46:05 Crop Rotation
46:56 Blast Furnace
47:10 Conscription
47:59 Plate Barding Armor
49:13 Chemistry
48:19 Siege Engineers
Connection lost

Rejoining the realm…

Still unreachable

The connection could not be restored.

Session expired

The server has moved on; the page needs a fresh start.